 Dungeon Crawl Stone Soup version 0.21-a0-153-g78480df (webtiles) character file.

26208 sormi the Cleaver (level 13, -4/117 HPs)
             Began as a Hill Orc Fighter on Aug 1, 2017.
             Was the Champion of Okawaru.
             Slain by an 11-headed hydra (9 damage)
             ... on level 4 of the Lair of Beasts.
             The game lasted 01:11:15 (16633 turns).

sormi the Cleaver (Hill Orc Fighter)               Turns: 16633, Time: 01:11:16

Health: -4/117     AC: 18    Str: 23    XL:     13   Next: 24%
Magic:  13/13      EV:  5    Int:  8    God:    Okawaru [******]
Gold:   668        SH: 18    Dex: 14    Spells: 12/12 levels left

rFire    + + .     SeeInvis .   l - +0 war axe (elec)
rCold    + . .     Gourm    .   y - +0 large shield
rNeg     . . .     Faith    +   w - +1 plate armour
rPois    .         Spirit   .   v - +1 hat
rElec    .         Reflect  .   r - scarf {rC+ rF+}
rCorr    .         Harm     .   P - +0 pair of gloves {Dex+3}
MR       .....                  d - +0 pair of boots
Stlth    ..........             E - amulet of faith
HPRegen  0.29/turn              K - ring of protection from fire
MPRegen  0.13/turn              M - ring of flight

@: very slightly contaminated, starving
A: no striking features
a: Heroism, Finesse, Renounce Religion, Evoke Flight


You were on level 4 of the Lair of Beasts.
You worshipped Okawaru.
Okawaru was exalted by your worship.
You were starving.

You visited 2 branches of the dungeon, and saw 12 of its levels.
You also visited: Sewer.

You collected 668 gold pieces.

Inventory:

Hand Weapons
 l - a +0 war axe of electrocution (weapon)
 F - a +2 morningstar of venom
 Q - the +8 demon blade of Cataclysm {elec, +Inv rC+, unknown}
   (Okawaru gifted it to you on level 2 of the Lair of Beasts)

   Occasionally, upon striking a foe, it will discharge some electrical energy
   and cause terrible harm.
   It protects you from cold.
   It lets you turn invisible.
Missiles
 z - 19 tomahawks
 O - 12 silver javelins (quivered)
Armour
 d - a +0 pair of boots (worn)
 r - a scarf of resistance (worn)
 v - a +1 hat (worn)
 w - a +1 plate armour (worn)
 y - a +0 large shield (worn)
 P - a +0 pair of gloves of dexterity (worn)
Jewellery
 a - a cursed ring of teleportation {unknown}
 E - an amulet of faith (around neck)
 H - an uncursed ring of protection from fire
 K - a ring of protection from fire (left hand)
 M - a ring of flight (right hand)
Wands
 b - a wand of digging (15/24)
 m - a wand of polymorph (24/24)
 G - a wand of iceblast (4/15)
Scrolls
 c - 2 scrolls of magic mapping
 h - 4 scrolls of enchant weapon
 i - 3 scrolls of amnesia
 j - 2 scrolls of remove curse
 n - 5 scrolls of teleportation
 o - a scroll of fog
 p - 2 scrolls of enchant armour
 C - 2 scrolls of recharging
 L - a scroll of fear
 R - a scroll of acquirement {unknown}
 S - a scroll of holy word {unknown}
Potions
 e - a potion of lignification
 g - 4 potions of brilliance
 k - 2 potions of resistance {unknown}
 q - 4 potions of curing
 u - a potion of might
 x - 3 potions of berserk rage {unknown}
Books
 I - a book of Changes

   Spells                             Type                      Level
   a - Beastly Appendage              Transmutation                1
   b - Sticks to Snakes               Transmutation                2
   c - Spider Form                    Transmutation/Poison         3
   d - Ice Form                       Ice/Transmutation            4
   e - Blade Hands                    Transmutation                5
 N - a Young Poisoner's Handbook

   Spells                             Type                      Level
   a - Sting                          Conjuration/Poison           1
   b - Poisonous Vapours              Poison/Air                   2
   c - Mephitic Cloud                 Conjuration/Poison/Air       3
   d - Olgreb's Toxic Radiance        Poison                       4
   e - Venom Bolt                     Conjuration/Poison           5
Comestibles
 f - 9 bread rations
 s - 6 royal jellies
 A - 3 meat rations
 B - 8 fruits


   Skills:
 * Level 11.7 Fighting
 * Level 14.7(16.2) Axes
 - Level 7.4(11.0) Maces & Flails
   Level 6.9(10.7) Polearms
 + Level 4.0 Throwing
 + Level 8.9 Armour
 - Level 2.0 Dodging
 - Level 0.8 Stealth
 + Level 10.9 Shields
 + Level 1.0 Invocations


You had 12 spell levels left.
You didn't know any spells.

Dungeon Overview and Level Annotations

Branches:
Dungeon (8/15)             Temple (0/1) D:7            Lair (4/6) D:8
  Swamp (0/4) Lair:3        Snake (0/4) Lair:4

Altars:
Elyvilon
Fedhas
Gozag
Kikubaaqudgha
Okawaru
Qazlal
Trog
Uskayaw
Xom
Zin
The Shining One


Message History

You open the door.
There is an open door here.
The 11-headed hydra bites you!
* * * LOW HITPOINT WARNING * * *
You block the 11-headed hydra's attack. x2
The 11-headed hydra barely misses you.
The 11-headed hydra bites you but does no damage.
You block the 11-headed hydra's attack. x2; The 11-headed hydra bites you!
* * * LOW HITPOINT WARNING * * *
The 11-headed hydra bites you but does no damage. x3
There is a stone staircase leading up here.
The 11-headed hydra completely misses you.
You block the 11-headed hydra's attack. The 11-headed hydra barely misses you.
The 11-headed hydra bites you!
* * * LOW HITPOINT WARNING * * *
The 11-headed hydra bites you but does no damage.
You block the 11-headed hydra's attack.
The 11-headed hydra bites you but does no damage.
You block the 11-headed hydra's attack. x2; The 11-headed hydra bites you!
You die...

.≈≈≈.## #.....# ≈.≈≈..# ###
#####'%##.## PP≈≈.####
####.######.#.........#
P≈≈≈....###.#.....#...+.........#
.≈≈≈...##.........'..............
≈≈≈)..).).)##.....#.###..........
≈≈....##.####......## #.........#
≈....P#### #...[D## ####...+.##
.....## #...@.# ##...## #..###
##..+## #.## ...P### #.....# .#
......# #+.....# .P ......#
......P# ......### #......##
........###......#
.......#..+..... ...............


You could see a 11-headed hydra.

Vanquished Creatures
  Kirke (Lair:4)
  A hydra (Lair:1)
  A death yak (Lair:1)
  7 elephants
  12 spiny frogs
  A torpor snail (Lair:4)
  A rime drake (Lair:1)
  6 komodo dragons
  2 polar bears
  8 blink frogs (Lair:3)
  Grinder (D:6)
  Prince Ribbit (D:6)
  7 hippogriffs
  2 wyverns
  A basilisk (Lair:1)
  28 yaks
  A hungry ghost (D:7)
  5 hogs (Lair:4)
  Menkaure (D:7)
  Edmund (D:6)
  4 nagas (Lair:4)
  10 water moccasins
  7 porcupines
  2 phantoms (D:5)
  A black bear (D:8)
  2 orc warriors
  An ice beast (D:8)
  2 ogres
  6 centaurs
  7 crocodiles
  A big kobold (D:7)
  Blork the orc (D:6)
  A gnoll sergeant (D:8)
  11 bullfrogs
  2 scorpions
  4 howler monkeys
  A crimson imp (D:5)
  A centaur zombie (D:5)
  4 hounds
  A centaur skeleton (D:4)
  Crazy Yiuf (D:7)
  2 jellies
  4 orc priests
  10 orc wizards
  3 bullfrog skeletons
  A gnoll shaman (D:8)
  6 iguanas
  4 worker ants
  2 hound zombies
  A worker ant zombie (D:5)
  10 gnolls
  2 howler monkey skeletons
  9 adders
  A river rat (D:5)
  4 oozes
  An adder zombie (D:8)
  2 adder skeletons
  A worm (D:2)
  11 dart slugs
  8 leopard geckos
  42 orcs
  11 giant cockroaches
  5 goblins
  10 hobgoblins
  25 jackals
  5 quokkas
  6 ball pythons
  3 bats
  10 frilled lizards
  18 kobolds
  A leopard gecko skeleton (D:4)
  9 rats
  4 rat zombies (D:3)
  3 fungi
  5 plants
397 creatures vanquished.

Vanquished Creatures (others)
  2 humans (Lair:4)
  3 fungi
  5 plants
10 creatures vanquished.

Grand Total: 407 creatures vanquished

Notes
Turn   | Place    | Note
-------+----------+-------------------------------------------
     0 | D:1      | sormi the Hill Orc Fighter began the quest for the Orb.
     0 | D:1      | Reached XP level 1. HP: 19/19 MP: 1/1
   160 | D:1      | Reached XP level 2. HP: 27/27 MP: 2/2
   411 | D:1      | Reached XP level 3. HP: 27/33 MP: 3/3
  1082 | D:2      | Reached XP level 4. HP: 36/40 MP: 4/4
  1843 | D:3      | Reached XP level 5. HP: 46/46 MP: 5/5
  1932 | D:3      | Found an iron altar of Okawaru.
  1961 | D:3      | Became a worshipper of Warmaster Okawaru
  2349 | D:3      | Found a bloodstained altar of Trog.
  2556 | D:3      | Reached skill level 1 in Dodging
  2567 | D:3      | Found an ancient bone altar of Kikubaaqudgha.
  3100 | D:4      | Reached XP level 6. HP: 43/52 MP: 6/6
  3545 | D:4      | Reached skill level 5 in Polearms
  4062 | D:4      | Reached XP level 7. HP: 50/60 MP: 7/7
  4145 | D:5      | Entered Level 5 of the Dungeon
  4168 | D:5      | Reached * piety under Okawaru
  4326 | D:5      | Found a glowing drain.
  4362 | Sewer    | Entered a sewer
  4513 | Sewer    | Reached skill level 5 in Fighting
  5144 | D:5      | Reached skill level 1 in Throwing
  5207 | D:5      | Reached skill level 5 in Armour
  5207 | D:5      | Reached skill level 5 in Shields
  5281 | D:5      | Reached XP level 8. HP: 55/68 MP: 8/8
  5774 | D:5      | Reached ** piety under Okawaru
  6029 | D:6      | Found a blossoming altar of Fedhas.
  6042 | D:6      | Reached skill level 1 in Maces & Flails
  6328 | D:6      | Noticed Prince Ribbit
  6349 | D:6      | Killed Prince Ribbit
  6349 | D:6      | Reached XP level 9. HP: 58/75 MP: 7/9
  6373 | D:6      | Noticed Blork the orc
  6385 | D:6      | Killed Blork the orc
  6572 | D:6      | Noticed Edmund
  6583 | D:6      | Killed Edmund
  6583 | D:6      | Reached skill level 5 in Maces & Flails
  6814 | D:6      | Noticed Grinder
  6824 | D:6      | Reached *** piety under Okawaru
  6857 | D:6      | Paralysed by Grinder for 7 turns
  6860 | D:6      | Killed Grinder
  6860 | D:6      | Reached skill level 1 in Invocations
  6900 | D:6      | Found a hide-covered altar of Uskayaw.
  8042 | D:7      | Noticed Menkaure
  8455 | D:7      | Found a runed door.
  8461 | D:7      | Noticed Crazy Yiuf
  8467 | D:7      | Killed Crazy Yiuf
  8523 | D:7      | Reached **** piety under Okawaru
  8523 | D:7      | Reached skill level 1 in Axes
  8546 | D:7      | Found an opulent altar of Gozag.
  8633 | D:7      | Killed Menkaure
  8633 | D:7      | Reached skill level 2 in Axes
  8633 | D:7      | Reached XP level 10. HP: 45/84 MP: 10/10
  8796 | D:7      | Found a staircase to the Ecumenical Temple.
  8857 | D:7      | Reached skill level 3 in Axes
  8993 | D:8      | Found a shimmering altar of Xom.
  9037 | D:8      | Reached skill level 4 in Axes
  9073 | D:8      | Reached skill level 5 in Axes
  9191 | D:8      | Reached ***** piety under Okawaru
  9532 | D:8      | Reached skill level 6 in Axes
  9570 | D:8      | Found a staircase to the Lair.
  9674 | D:8      | Found a stormy altar of Qazlal.
  9864 | D:8      | Found a glowing silver altar of Zin.
  9865 | D:8      | Found a glowing golden altar of the Shining One.
  9865 | D:8      | Found a white marble altar of Elyvilon.
 10061 | Lair:1   | Entered Level 1 of the Lair of Beasts
 10517 | Lair:1   | Received a gift from Okawaru
 10545 | Lair:1   | Reached skill level 7 in Axes
 10721 | Lair:1   | Noticed a spiny frog
 10756 | Lair:1   | Killed a spiny frog
 11050 | Lair:1   | Reached skill level 8 in Axes
 11149 | Lair:1   | Received a gift from Okawaru
 11149 | Lair:1   | Reached XP level 11. HP: 85/93 MP: 11/11
 11288 | Lair:1   | Reached skill level 9 in Axes
 12136 | Lair:2   | Reached skill level 10 in Axes
 12279 | Lair:2   | Reached ****** piety under Okawaru
 12526 | Lair:2   | Got a pair of translucent gloves
 12537 | Lair:2   | Identified the cursed +0 pair of gloves of Mutualism {rC+++ Int-5 Dex+4 Slay+4} (You found it on level 2 of the Lair of Beasts)
 12596 | Lair:2   | Received a gift from Okawaru
 12602 | Lair:2   | Reached skill level 11 in Axes
 12609 | Lair:2   | Got a blackened demon blade {god gift}
 12958 | Lair:2   | Noticed a death yak
 12966 | Lair:2   | Noticed a six-headed hydra
 13059 | Lair:1   | Killed a death yak
 13059 | Lair:1   | Reached XP level 12. HP: 88/106 MP: 12/12
 13107 | Lair:1   | Killed a ten-headed hydra
 13107 | Lair:1   | Received a gift from Okawaru
 13431 | Lair:2   | Reached skill level 10 in Shields
 13721 | Lair:2   | Reached skill level 10 in Fighting
 13878 | Lair:3   | Reached skill level 12 in Axes
 14345 | Lair:3   | Found a staircase to the Swamp.
 14593 | Lair:3   | Reached skill level 13 in Axes
 14629 | Lair:3   | Received a gift from Okawaru
 14633 | Lair:3   | Got a pair of ichor-stained gloves {god gift}
 14772 | Lair:3   | Identified the +1 pair of gloves "Liuptoho" {rF++ Regen+ Str+3 Int-5} (Okawaru gifted it to you on level 3 of the Lair of Beasts)
 15223 | Lair:4   | Noticed Kirke
 15250 | Lair:4   | Killed Kirke
 15250 | Lair:4   | Reached skill level 14 in Axes
 15250 | Lair:4   | Reached XP level 13. HP: 100/116 MP: 13/13
 15292 | Lair:4   | Found a staircase to the Snake Pit.
 16162 | Lair:4   | HP: 5/117 [komodo dragon (19)]
 16633 | Lair:4   | HP: 5/117 [11-headed hydra (9)]
 16633 | Lair:4   | Slain by an 11-headed hydra

Vault maps used:
D:1:      saegor_arrival_simple_b, minmay_pentomino_o2
D:3:      okawaru_ov_weapons_minmay, lemuel_zombie_altar_kikubaaqudgha,
          marbit_many_paths, nrook_uturn
D:5:      kennysheep_slugbush, portal_sewer_entry_b, first_bread
D:6:      fedhas_bush_and_centaur_altar, basic_altar, minmay_misc_feat_columns,
          grunt_ministairs_2, uniq_blork_the_orc, uniq_grinder, uniq_edmund,
          uniq_prince_ribbit1
D:7:      minmay_temple_entry_nine_rooms, basic_altar, uniq_crazy_yiuf_cottage,
          uniq_menkaure
D:8:      good_gods_temple_1, nicolae_overflow_hidden_temple, basic_altar
Lair:1:   beast_lair_carwin_large_2
Lair:2:   hangedman_lair_generics_rect
Lair:3:   swamp_mist_pool, beast_lair_carwin_2, serial_bayou_shore_a
Lair:4:   guppyfry_snake_entry_island, grunt_megastairs_3, uniq_kirke
Sewer:    sewer_co_scattered_pipes

Skill      XL: |  1  2  3  4  5  6  7  8  9 10 11 12 |
---------------+-------------------------------------+-----
Fighting       | 4 5 6 7 9 11 | 11.7
Polearms       | 3 4 5 6 |  6.9
Armour         | 4 5 6 7 8 |  8.9
Shields        | 4 5 6 7 9 10 | 10.9
Dodging        | 1 2 |  2.0
Throwing       | 1 2 3 4 |  4.0
Maces & Flails | 3 7 |  7.4
Invocations    | 1 |  1.0
Axes           | 2 8 11 14 | 14.7
Stealth        | |  0.8

Action                   |  1- 3 |  4- 6 |  7- 9 | 10-12 | 13-15 || total
-------------------------+-------+-------+-------+-------+-------++-------
Melee: Trident           |   119 |   283 |   316 |       |       ||   718
       Morningstar       |       |       |   233 |       |       ||   233
       Hand axe          |       |       |    48 |   398 |       ||   446
       War axe           |       |       |       |   307 |    60 ||   367
Throw: Stone             |     1 |     6 |       |       |       ||     7
       Tomahawk          |       |     4 |    51 |    20 |       ||    75
       Javelin           |       |       |       |    35 |    10 ||    45
Invok: Heroism           |       |       |     4 |     2 |     2 ||     8
  Use: Scroll            |       |    12 |     6 |     8 |     3 ||    29
       Potion            |       |       |     1 |     4 |     4 ||     9
  Eat: Chunk             |     1 |     8 |    15 |    15 |     2 ||    41
       Royal jelly       |       |     1 |       |     1 |       ||     2
       Bread ration      |       |       |     1 |     1 |       ||     2
       Fruit             |       |       |       |       |     1 ||     1
Armor: Scale mail        |    49 |   115 |       |       |       ||   164
       Plate armour      |       |    12 |   284 |   247 |   108 ||   651
Dodge: Dodged            |    37 |    73 |    81 |    80 |    44 ||   315
Block: Shield            |    59 |   131 |   202 |       |       ||   392
       Large shield      |       |       |   187 |   577 |   131 ||   895
